 Dungeon Crawl Stone Soup version 0.26-a0-980-g0fe3eaa9ac (webtiles) character file.

Game seed: 9716383875059655828

10565 xzight the Cleaver (level 11, -9/103 HPs)
             Began as a Deep Dwarf Fighter on Dec 6, 2020.
             Was an Elder of Makhleb.
             Mangled by a white ugly thing (31 damage)
             ... on level 11 of the Dungeon.
             The game lasted 00:30:13 (9319 turns).

xzight the Cleaver (Deep Dwarf Fighter)             Turns: 9319, Time: 00:30:14

Health: -9/103     AC: 21    Str: 23    XL:     11   Next: 37%
Magic:  4/4        EV: 11    Int:  9    God:    Makhleb [****..]
Gold:   650        SH: 17    Dex: 12    Spells: 10/10 levels left

rFire    . . .     SeeInvis .   a - +0 war axe
rCold    . . .     Faith    .   c - +0 kite shield
rNeg     + . .     Spirit   .   w - +2 chain mail {rN+}
rPois    .         Reflect  +   t - +0 helmet
rElec    .         Harm     .   x - +0 cloak
rCorr    .         Rampage  .   (no gloves)
MR       +....                  y - +0 pair of boots
Stlth    ..........             s - amulet of reflection
HPRegen  0.00/turn              E - +4 ring of evasion
MPRegen  0.09/turn              O - +4 ring of protection

@: marked, non-regenerating
A: damage resistance, heal wounds, sense surroundings 2, no regeneration
a: Heal Wounds, Minor Destruction, Lesser Servant of Makhleb, Major Destruction,
Renounce Religion


You were on level 11 of the Dungeon.
You worshipped Makhleb.
Makhleb was greatly pleased with you.
You visited 2 branches of the dungeon, and saw 12 of its levels.
You also visited: Bailey.

You collected 650 gold pieces.


Innate Abilities, Weirdness & Mutations

You are resistant to damage.
You can heal yourself by infusing magical energy.
You passively map the area around you.
You do not regenerate.


   Skills:
 + Level 7.9 Fighting
 * Level 12.4 Axes
 + Level 9.5 Armour
 + Level 9.4 Shields


You had 10 spell levels left.
You didn't know any spells.
Your spell library contained the following spells:

 Spells                   Type           Power        Failure   Level
 Sandblast                Erth           #.....       99%         1
 Sting                    Tmut/Pois      #...         99%         1
 Ensorcelled Hibernation  Hex/Ice        #.....       100%        2
 Passwall                 Tmut/Erth      #.......     100%        2
 Poisonous Vapours        Pois/Air       #.....       100%        2
 Ignite Poison            Fire/Tmut/Pois #.......     100%        3
 Mephitic Cloud           Conj/Pois/Air  #.......     100%        3
 Portal Projectile        Hex/Tloc       #.....       100%        3
 Stone Arrow              Conj/Erth      #.....       100%        3
 Summon Guardian Golem    Hex/Summ       #.......     100%        3
 Olgreb's Toxic Radiance  Pois           #.......     100%        4
 Petrify                  Tmut/Erth      #.......     100%        4
 Lee's Rapid Deconstruct  Erth           #.........   100%        5
 Discord                  Hex            #.........   100%        8

Inventory:

Hand Weapons
 a - a +0 war axe (weapon)
Armour
 c - a +0 kite shield (worn)
 t - a +0 helmet (worn)
 w - a +2 chain mail of positive energy (worn)
 x - a +0 cloak (worn)
 y - a +0 pair of boots (worn)
Jewellery
 s - an amulet of reflection (around neck)
 C - an uncursed ring of ice
 D - a +6 ring of dexterity
 E - a +4 ring of evasion (left hand)
 I - a +6 ring of intelligence
 L - an uncursed ring of flight
 O - a +4 ring of protection (right hand)
 R - a +6 ring of strength {unknown}
Wands
 z - a wand of digging (6)
 A - a wand of enslavement (8)
 B - a wand of disintegration (16)
 F - a wand of polymorph (10)
 N - a wand of flame (17)
 Q - a wand of iceblast (8)
Scrolls
 e - 4 scrolls of teleportation {@r4}
 g - a scroll of magic mapping {unknown}
 h - a scroll of immolation {unknown}
 i - 3 scrolls of blinking
 k - a scroll of amnesia {unknown}
 m - 3 scrolls of enchant armour
 o - 2 scrolls of enchant weapon {unknown}
 q - 5 scrolls of remove curse {@r2}
 r - a scroll of torment {unknown}
 H - a scroll of holy word {unknown}
 M - a scroll of acquirement {unknown}
 P - 2 scrolls of fear {unknown}
Potions
 b - a potion of cancellation
 d - 3 potions of might
 f - 2 potions of brilliance
 j - 6 potions of heal wounds {@q2}
 l - 9 potions of curing {@q1}
 n - 2 potions of attraction {!q}
 p - 3 potions of resistance
 u - 2 potions of lignification {!q}
 v - 3 potions of invisibility
 G - a potion of haste {@q3}
 J - 5 potions of magic
 K - 2 potions of mutation {!q}

Dungeon Overview and Level Annotations

Branches:
Dungeon (11/15)            Temple (1/1) D:4            Lair (0/6) D:11
 Bailey (visited)
    Orc: D:9-12

Altars:
Cheibriados
Dithmenos
Elyvilon
Fedhas
Hepliaklqana
Kikubaaqudgha
Makhleb
Nemelex Xobeh
Okawaru
Qazlal
Ru
Sif Muna
Trog
Uskayaw
Vehumet
Wu Jian
Zin
The Shining One

Shops:
D:6 [

Annotations:
D:7 2 exclusions
D:11 exclusion: 3 electric eels, Maurice

..# #.# #.### #.####.# ..# #.#
#.#.# #....#.# ..#
########.###.#.# ###.##.#
..###..........#.#.# #.##.#
..'............?...# #.##.#
..###..........#.#.######.##.#
..# #....≈.....#.#........##.#
..# #..........#.#........##.#
..# #..........#@#........##.#
.## #..........#u#.<.........#
. #......≈≈..#.#........####
.,, ......≈≈≈........>##.# *
,.........#.########.####### ,
, ...........;≈≈# #........
≈.≈≈≈≈≈≈≈≈≈;≈≈≈# ######### ≈≈
≈.≈≈≈≈≈≈≈≈≈≈;≈≈# # ≈
.≈≈;≈≈≈≈≈≈≈≈≈≈# #


You could see a white ugly thing and 3 electric eels.


Message History

You completely miss the white ugly thing.
The white ugly thing is moderately wounded.
The white ugly thing headbutts you! The white ugly thing freezes you!!
You slash the white ugly thing!
The white ugly thing is heavily wounded.
You block the white ugly thing's attack.
You hit the white ugly thing.
The white ugly thing is severely wounded.
The white ugly thing headbutts you. The white ugly thing freezes you!!
* * * LOW HITPOINT WARNING * * *
You slash the white ugly thing!
The white ugly thing is severely wounded.
You block the white ugly thing's attack.
You closely miss the white ugly thing.
The white ugly thing is severely wounded.
You closely miss the white ugly thing.
The white ugly thing is severely wounded.
You block the white ugly thing's attack.
You barely miss the white ugly thing.
The white ugly thing is severely wounded.
You block the white ugly thing's attack.
You slash the white ugly thing!
The white ugly thing is almost dead.
You block the white ugly thing's attack.
You closely miss the white ugly thing.
The white ugly thing is almost dead.
The white ugly thing headbutts you!
* * * LOW HITPOINT WARNING * * *
The white ugly thing freezes you!!
You die...

Skill      XL: |  1  2  3  4  5  6  7  8  9 10 11 |
---------------+----------------------------------+-----
Axes           | 3 4 5 6 8 10 11 12 | 12.4
Fighting       | 3 4 5 6 7 |  7.9
Armour         | 4 5 6 7 9 |  9.5
Shields        | 4 5 6 7 9 |  9.4

Action                   |  1- 3 |  4- 6 |  7- 9 | 10-12 || total
-------------------------+-------+-------+-------+-------++-------
Melee: War axe           |   110 |   204 |   533 |   336 ||  1183
       Unarmed           |     3 |       |       |       ||     3
 Abil: Heal Wounds       |     1 |     2 |    10 |     4 ||    17
Evoke: Wand              |       |     2 |     7 |     1 ||    10
  Use: Scroll            |       |     6 |    11 |     2 ||    19
 Stab: Paralysed         |       |     2 |       |       ||     2
Armor: Scale mail        |    24 |    55 |       |       ||    79
       Chain mail        |       |    26 |   249 |   103 ||   378
Dodge: Dodged            |    34 |    49 |   135 |    77 ||   295
Block: Kite shield       |    40 |    93 |   451 |   257 ||   841
       Reflection        |       |       |    49 |    15 ||    64

Levels and vault maps discovered:
D:1:      evilmike_arrival_hilbert_curve, layout_basic, minmay_heptomino_d4
D:2:      layout_basic, uniq_sigmund
D:3:      minmay_general_purpose_star, layout_basic,
          nicolae_ru_great_annihilating_truth, uniq_terence, uniq_ijyb,
          uniq_crazy_yiuf_cottage
D:4:      layout_cave_pools, kennysheep_vampire_church,
          minmay_temple_entry_tees, uniq_duvessa, uniq_eustachio
D:5:      layout_rooms, uniq_menkaure
D:6:      layout_loops_ring, serial_shops, shop, grunt_qazlal_sundering
D:7:      layout_loops_ring, grunt_temple_overflow_cloverleaf,
          serial_bayou_lake_a
D:8:      layout_basic
D:9:      layout_basic, kennysheep_little_box, enter_bailey_5, uniq_psyche
D:10:     layout_cave_pools, elyvilon_altar_3
D:11:     layout_basic, lair_entry_dummy, uniq_erolcha, uniq_maurice
Temple:   eino_temple_rhombus

Notes
Turn   | Place    | Note
-------+----------+-------------------------------------------
     0 | D:1      | xzight the Deep Dwarf Fighter began the quest for the Orb.
     0 | D:1      | Reached XP level 1. HP: 20/20 MP: 1/1
   135 | D:1      | Reached XP level 2. HP: 24/27 MP: 2/2
   282 | D:1      | Reached skill level 3 in Axes
   384 | D:1      | Reached XP level 3. HP: 29/33 MP: 3/3
   751 | D:1      | Reached skill level 3 in Fighting
  1017 | D:2      | Noticed Sigmund
  1097 | D:2      | Killed Sigmund
  1098 | D:2      | Reached skill level 4 in Axes
  1098 | D:2      | Reached skill level 4 in Armour
  1098 | D:2      | Reached skill level 4 in Shields
  1098 | D:2      | Reached XP level 4. HP: 38/42 MP: 3/3
  1098 | D:2      | Reached XP level 5. HP: 45/49 MP: 4/4
  1507 | D:2      | You fall into a shaft and drop 2 floors!
  1555 | D:3      | Reached XP level 6. HP: 38/56 MP: 5/5
  1623 | D:3      | Found a sacrificial altar of Ru.
  1739 | D:3      | Noticed Terence
  1748 | D:3      | Killed Terence
  1749 | D:3      | Reached skill level 5 in Axes
  1971 | D:3      | Found a runed translucent door.
  1972 | D:3      | Noticed Crazy Yiuf
  2120 | D:3      | Noticed Ijyb
  2142 | D:3      | Killed Ijyb
  2355 | D:2      | Identified 2 potions of resistance
  2830 | D:3      | Killed Crazy Yiuf
  2906 | D:4      | Noticed Duvessa
  2906 | D:4      | Noticed Dowan
  2923 | D:4      | Killed Duvessa
  2924 | D:4      | Reached skill level 4 in Fighting
  2924 | D:4      | Reached XP level 7. HP: 37/64 MP: 5/5
  2926 | D:4      | Killed Dowan
  2927 | D:4      | Reached skill level 5 in Armour
  2927 | D:4      | Reached skill level 5 in Shields
  3057 | D:4      | Reached skill level 6 in Axes
  3195 | D:4      | Found a staircase to the Ecumenical Temple.
  3206 | D:4      | Noticed Eustachio
  3209 | D:4      | Killed Eustachio
  3447 | D:4      | Found an ancient bone altar of Kikubaaqudgha.
  3524 | D:5      | Entered Level 5 of the Dungeon
  3551 | Temple   | Entered the Ecumenical Temple
  3574 | Temple   | Became a worshipper of Makhleb the Destroyer
  3622 | D:5      | Reached XP level 8. HP: 58/73 MP: 6/6
  3778 | D:5      | Reached skill level 7 in Axes
  3784 | D:5      | Noticed Menkaure
  3792 | D:5      | Killed Menkaure
  4262 | D:6      | Found a stormy altar of Qazlal.
  4290 | D:6      | Reached * piety under Makhleb
  4298 | D:6      | Reached skill level 5 in Fighting
  4298 | D:6      | Reached skill level 6 in Armour
  4308 | D:6      | Reached skill level 6 in Shields
  4578 | D:6      | Reached skill level 8 in Axes
  4637 | D:6      | Found Neor's Armour Emporium.
  4882 | D:7      | Noticed a troll
  4891 | D:7      | Killed a troll
  4892 | D:7      | Gained mutation: You passively map the area around you.
                  | [Deep Dwarf growth]
  4892 | D:7      | Reached XP level 9. HP: 59/81 MP: 7/7
  5096 | D:7      | Identified the Collected Works on Malediction
  5360 | D:7      | Found a shadowy altar of Dithmenos.
  5374 | D:7      | Found a hazy altar of Hepliaklqana.
  5377 | D:7      | Found a radiant altar of Vehumet.
  5387 | D:7      | Found a glowing silver altar of Zin.
  5717 | D:8      | Reached skill level 9 in Axes
  5818 | D:8      | Reached skill level 7 in Armour
  5818 | D:8      | Reached skill level 7 in Shields
  5832 | D:8      | Noticed a troll
  5845 | D:8      | a troll changed into a hornet
  5865 | D:8      | Paralysed by a hornet for 3 turns
  6080 | D:8      | Reached skill level 6 in Fighting
  6147 | D:8      | Reached ** piety under Makhleb
  6572 | D:9      | Noticed a troll
  6597 | D:9      | Killed a troll
  6745 | D:9      | Found an ornate altar of the Wu Jian Council.
  6772 | D:9      | Reached skill level 10 in Axes
  6803 | D:9      | Found a flagged portal.
  6815 | Bailey   | Entered a bailey
  6961 | Bailey   | Reached *** piety under Makhleb
  7161 | D:9      | Noticed Psyche
  7189 | D:9      | Paralysed by something for 3 turns
  7196 | D:9      | Killed Psyche
  7197 | D:9      | Reached XP level 10. HP: 62/92 MP: 3/3
  7399 | D:9      | Reached skill level 8 in Armour
  7399 | D:9      | Reached skill level 8 in Shields
  7682 | D:10     | Entered Level 10 of the Dungeon
  7838 | D:10     | Noticed a gargoyle
  7847 | D:10     | Killed a gargoyle
  7848 | D:10     | Reached skill level 7 in Fighting
  7848 | D:10     | Reached skill level 11 in Axes
  7848 | D:10     | Noticed a gargoyle
  7872 | D:10     | Killed a gargoyle
  8112 | D:10     | Killed an unseen horror
  8112 | D:10     | Reached **** piety under Makhleb
  8113 | D:10     | Reached skill level 9 in Armour
  8113 | D:10     | Reached skill level 9 in Shields
  8194 | D:10     | Found a white marble altar of Elyvilon.
  8356 | D:11     | Noticed Erolcha
  8364 | D:11     | Noticed a two-headed ogre
  8372 | D:11     | Killed Erolcha
  8373 | D:11     | Reached XP level 11. HP: 45/100 MP: 4/4
  8384 | D:11     | Killed a two-headed ogre
  8385 | D:11     | Reached skill level 12 in Axes
  8406 | D:11     | Found a staircase to the Lair.
  8789 | D:11     | Noticed a brown ugly thing
  8819 | D:11     | Killed a brown ugly thing
  8962 | D:11     | Noticed Maurice
  9300 | D:11     | Noticed a white ugly thing
  9319 | D:11     | Mangled by a white ugly thing

Vanquished Creatures
  Erolcha (D:11)
  A two-headed ogre (D:11)
  An unseen horror (D:10)
  An ugly thing (D:11)
  Psyche (D:9)
  2 gargoyles (D:10)
  A hornet (D:8)
  3 trolls
  Sigmund (D:2)
  2 shadows
  A wyvern (D:11)
  7 yaks
  Eustachio (D:4)
  Menkaure (D:5)
  Duvessa (D:4)
  5 ice beasts
  2 sky beasts
  3 ogres
  4 orc warriors
  A black bear (D:10)
  2 eyes of draining
  5 centaurs
  2 big kobolds
  6 bullfrogs
  Dowan (D:4)
  2 scorpions
  2 electric eels (D:11)
  3 vampire bats (D:4)
  3 howler monkeys
  A bullfrog zombie (D:5)
  A quasit (D:11)
  6 hounds
  3 jellies
  Crazy Yiuf (D:3)
  3 orc priests
  7 orc wizards
  A centaur skeleton (D:11)
  A bullfrog skeleton (D:5)
  Terence (D:3)
  Ijyb (D:3)
  4 iguanas
  11 worker ants
  A hound skeleton (D:6)
  A howler monkey zombie (D:6)
  2 worker ant zombies
  21 gnolls
  13 adders
  2 white imps
  An ufetubus (D:5)
  2 oozes (D:1)
  An adder zombie (D:10)
  3 adder skeletons
  2 worms
  4 dart slugs
  5 leopard geckos
  29 orcs
  3 bat skeletons (D:4)
  3 bat zombies (D:4)
  4 giant cockroaches
  17 hobgoblins
  11 jackals
  25 kobolds
  3 quokkas
  3 ball pythons
  8 bats
  7 frilled lizards
  9 goblins
  A jackal skeleton (D:5)
  A quokka skeleton (D:4)
  13 rats
302 creatures vanquished.

Vanquished Creatures (others)
  An adder (D:11)
  14 plants (D:7)
15 creatures vanquished.

Grand Total: 317 creatures vanquished

Table legend: (Time is in decaauts)
 A = Elapsed time spent in this place.
 B = Non-inter-level travel time spent in this place.
 C = Inter-level travel time spent in this place.
 D = Time resting spent in this place.
 E = Time spent auto-exploring this place.
 F = Levels seen in this place.
 G = Mean time per level.
                   A        B        C        D        E       F      G
               +--------+--------+--------+--------+--------+-----+--------+
         Total |   9498 |   9177 |    321 |    879 |   5395 |  13 |  730.6 |
       Dungeon |   9199 |   8894 |    305 |    879 |   5275 |  11 |  836.3 |
        Temple |     39 |     23 |     16 |      0 |     12 |   1 |   39.0 |
        Bailey |    259 |    259 |      0 |      0 |    108 |   1 |  259.0 |
               +--------+--------+--------+--------+--------+-----+--------+

Top non-repeatable levels by time:
     D:2: 1041 daAuts
     D:1: 990 daAuts
     D:9: 950 daAuts
     D:3: 941 daAuts
    D:11: 902 daAuts
     D:8: 867 daAuts
     D:6: 797 daAuts
     D:7: 764 daAuts
    D:10: 718 daAuts
     D:4: 707 daAuts
     D:5: 519 daAuts
  Bailey: 259 daAuts
  Temple: 39 daAuts

Table legend:
 A = Non-vault XP
 B = Vault XP
 C = Vault XP percentage of total XP
 D = Non-vault monster count
 E = Vault monster count
 F = Vault count percentage of total count
                 A         B        C        D         E       F
            +---------+---------+-------+---------+---------+-------
      Total |   12148 |    2945 |  19.5 |     234 |      68 |  22.5
            +---------+---------+-------+---------+---------+-------
        D:1 |      54 |       5 |   8.5 |      24 |       3 |  11.1
        D:2 |     121 |     223 |  64.8 |      23 |       1 |   4.2
        D:3 |     123 |     124 |  50.2 |      21 |      11 |  34.4
        D:4 |     131 |     596 |  82.0 |       9 |      12 |  57.1
        D:5 |     264 |     175 |  39.9 |      16 |       1 |   5.9
        D:6 |     742 |       0 |   0.0 |      21 |       0 |   0.0
        D:7 |     768 |       0 |   0.0 |      23 |       0 |   0.0
        D:8 |    1017 |       0 |   0.0 |      13 |       0 |   0.0
        D:9 |    1904 |     442 |  18.8 |      18 |       5 |  21.7
       D:10 |    3810 |       0 |   0.0 |      35 |       0 |   0.0
       D:11 |    3214 |    1025 |  24.2 |      31 |       1 |   3.1
     Bailey |       0 |     355 | 100.0 |       0 |      34 | 100.0
            +---------+---------+-------+---------+---------+-------
